Map: Void Training Stage 1

Players

Scairp - Winner!

  • Race: Zerg Zerg
  • Spawn Location: 5:00

Player 2

  • Race: Protoss Protoss
  • Spawn Location: 11:00

VOD

Have the link to the VOD?

Description

Time

  • Played on: Jan. 7, 2019, 11:29 p.m.
  • Length: 15:05
Show
View Real Time Build Order
Export as new Build Order

Scairp Zerg - Winner!

Build Orders: Hatch First 

Get SALT Encoding   

  12  0:01  Drone  
  13  0:14  Overlord  
  13  0:17  Drone  
  14  0:32  Drone x2  
  16  0:46  Drone  
  16  0:48  Drone  
  18  1:04  Hatchery  
  18  1:05  Extractor  
  18  1:07  Drone  
  17  1:17  Drone  
  18  1:21  Spawning Pool  
  18  1:25  Drone  
  18  1:31  Drone  
  19  1:41  Drone  
  20  1:57  Drone  
  21  2:03  Drone  
  22  2:18  Queen x2  
  22  2:20  Overlord  
  26  2:26  Drone  
  26  2:28  Drone  
  28  2:34  Hatchery  
  28  2:35  Drone  
  28  2:39  Metabolic Boost  
  28  2:57  Drone x3  
  28  2:58  Drone x2  
  33  3:02  Overlord  
  33  3:05  Queen  
  35  3:08  Overlord  
  35  3:13  Drone  
  36  3:40  Overlord  
  36  3:41  Drone  
  36  3:42  Drone x6  
  43  3:49  Drone  
  43  3:50  Drone x2  
  46  4:00  Drone x3  
  49  4:03  Extractor  
  49  4:06  Extractor  
  47  4:13  Drone x3  
  47  4:15  Drone x3  
  53  4:23  Drone x5  
  58  4:36  Overlord x2  
  58  4:45  Drone x4  
  60  4:46  Drone  
  63  4:58  Zergling x14  
  70  5:03  Lair  
  70  5:24  Drone  
  70  5:26  Drone  
  70  5:27  Drone  
  70  5:28  Drone  
  74  5:29  Drone  
  74  5:30  Drone  
  74  5:34  Overlord x2  
  69  6:13  Hatchery  
  69  6:14  Hatchery  
  69  6:15  Hatchery  
  66  6:18  Hatchery  
  66  6:20  Drone  
  66  6:21  Hatchery  
  65  6:32  Drone  
  66  6:34  Extractor  
  66  6:35  Drone  
  66  6:36  Drone  
  66  6:38  Drone x2  
  66  6:39  Drone  
  70  6:40  Drone  
  70  6:43  Drone x2  
  70  6:46  Drone  
  70  6:47  Drone  
  75  6:57  Extractor  
  75  6:58  Drone x3  
  75  6:59  Drone x3  
  80  7:04  Hatchery  
  80  7:07  Zergling x2  
  80  7:08  Zergling x6  
  83  7:10  Drone  
  83  7:11  Drone  
  83  7:12  Overlord  
  85  7:16  Extractor  
  85  7:17  Extractor  
  83  7:28  Extractor  
  82  7:30  Drone x3, Extractor  
  82  7:31  Drone x3  
  82  7:36  Extractor x2  
  85  7:37  Drone x2  
  85  7:38  Drone x4  
  85  7:39  Zergling x12  
  85  7:40  Zergling x4  
  99  7:45  Overlord x3  
  99  7:50  Zergling x14  
  105  8:06  Drone x3  
  105  8:07  Drone x3  
  105  8:11  Extractor  
  105  8:12  Extractor  
  107  8:13  Drone x3  
  107  8:14  Drone x3  
  112  8:21  Extractor  
  112  8:22  Drone x2, Extractor  
  112  8:23  Drone x4  
  112  8:26  Extractor x2  
  114  8:27  Drone x3  
  114  8:28  Drone x3  
  120  8:58  Overlord x3  
  120  8:59  Overlord x2  
  120  9:04  Drone  
  120  9:06  Roach Warren  
  120  9:07  Overlord x2  
  120  9:18  Overlord  
  107  12:01  Extractor  
  107  12:03  Drone x3  
  107  12:07  Glial Reconstitution  
  109  12:09  Burrow  
  107  12:30  Roach  
  107  12:31  Roach x29  
  107  12:32  Roach x16  
  199  13:25  Roach, Tunneling Claws  
Show
View Real Time Build Order
Export as new Build Order

Player 2 Protoss 

Build Orders:  

Get SALT Encoding   

  12  0:00  Probe  
  13  0:13  Probe  
  14  0:20  Pylon  
  14  0:37  Assimilator  
  14  0:42  Gateway  
  14  0:46  Pylon  
  14  1:12  Assimilator  
  14  1:22  Probe  
  14  1:23  Zealot  
  14  1:30  Probe  
  14  1:31  Cybernetics Core  
  18  1:40  Probe  
  19  1:52  Probe  
  20  1:57  Warp Gate  
  20  2:00  Probe  
  20  2:08  Probe  
  22  2:45  Stalker  
  24  5:38  Stalker  
  24  5:41  Pylon  
  24  5:48  Probe  
  17  6:00  Probe  
  11  6:07  Zealot, Pylon  
  11  6:10  Probe  
  7  6:18  Probe  
  9  6:27  Probe  
  10  6:36  Stalker  
  10  6:39  Probe  
  13  6:51  Probe  
  14  7:03  Probe  
  14  7:04  Zealot  
  17  7:15  Probe  
  18  7:27  Probe  
  19  7:32  Nexus  
  19  7:39  Probe  
  20  7:51  Probe  
  20  8:03  Probe  
  19  8:13  Stalker, Probe  
  18  8:21  Probe  
  19  8:30  Probe  
  20  8:38  Probe  
  20  8:46  Stalker, Probe  
  24  8:49  Probe  
  25  9:00  Probe  
  23  9:07  Probe  
  24  9:12  Assimilator  
  24  9:15  Stalker, Probe  
  27  9:22  Probe  
  23  9:29  Probe  
  23  9:36  Probe  
  24  9:44  Stalker, Probe  
  27  9:47  Probe  
  25  9:57  Assimilator  
  23  10:05  Probe  
  20  10:12  Stalker  
  21  10:17  Probe  
  20  10:29  Probe  
  21  10:40  Nexus  
  21  10:41  Stalker, Probe  
  24  10:54  Probe  
  25  11:06  Probe  
  25  11:11  Stalker  
  28  11:16  Pylon  
  28  11:18  Probe  
  23  11:30  Probe  
  18  11:39  Stalker  
  12  11:41  Probe  
  12  11:49  Probe  
  13  11:58  Probe  
  13  12:08  Stalker, Probe  
  17  12:20  Probe  
  16  12:33  Probe  
  17  12:45  Probe  
  17  12:49  Nexus  
  18  12:57  Probe  
  19  13:08  Zealot  
  19  13:09  Probe  
  22  13:20  Probe  
  22  13:24  Gateway  
  21  13:28  Probe  
  22  13:37  Stalker  
  12  13:57  Probe  
  3  14:05  Probe  
  3  14:06  Stalker  
Tags
 
Add a new tag
Caveats
  • Supply blocks, unpowered buildings, or Contaminate may cause inaccurate times.
  • Supply counts are checked every 10 seconds.